Map: Romanticide LE

Players

Mattagon - Winner!

  • Race: Terran Terran
  • League: Master
  • Spawn Location: 5:00

Pylonman

  • Race: Protoss Protoss
  • League: Platinum
  • Spawn Location: 11:00

VOD

Have the link to the VOD?

Description

Time

  • Played on: March 14, 2021, 7:43 p.m.
  • Length: 18:53
Show
View Real Time Build Order
Export as new Build Order

Mattagon Terran - Winner!

Build Orders:  

Get SALT Encoding   

  12  0:01  SCV  
  13  0:13  SCV  
  14  0:17  Supply Depot  
  14  0:25  SCV  
  15  0:39  SCV  
  15  0:41  Barracks  
  16  0:51  SCV  
  17  0:58  Barracks  
  17  1:03  SCV  
  18  1:04  Refinery  
  18  1:15  SCV  
  19  1:27  SCV  
  19  1:28  Marine  
  22  1:42  Supply Depot  
  22  1:47  Orbital Command, Marine  
  21  1:53  Barracks Tech Lab  
  22  1:59  Supply Depot  
  22  2:07  Marine  
  24  2:17  Marauder  
  24  2:20  Concussive Shells  
  24  2:21  SCV  
  26  2:25  Marine  
  27  2:33  SCV  
  29  2:45  SCV  
  29  2:47  Marine  
  29  2:51  Marauder, Bunker  
  32  2:57  SCV  
  33  3:05  Marine  
  33  3:09  SCV  
  33  3:11  Factory  
  33  3:12  Marauder  
  35  3:21  SCV  
  35  3:23  Marine  
  36  3:33  SCV, Marine  
  38  3:41  Marine, Command Center  
  37  3:45  SCV  
  37  3:51  Marine  
  37  3:55  Factory Tech Lab  
  37  3:59  Marine  
  37  4:01  SCV  
  39  4:26  Marine  
  39  4:27  SCV  
  37  4:39  Supply Depot, SCV  
  37  4:41  Siege Tank  
  37  4:44  Marauder  
  43  4:47  Refinery  
  43  4:49  Starport  
  43  4:51  SCV  
  44  4:59  Orbital Command  
  44  5:02  Marine, Refinery  
  44  5:04  SCV  
  46  5:08  Marine  
  47  5:16  SCV  
  46  5:22  Barracks Tech Lab  
  46  5:26  Bunker  
  46  5:27  SCV  
  46  5:28  SCV  
  48  5:39  SCV  
  48  5:40  SCV, Siege Tank  
  55  5:43  Marauder x2  
  57  5:51  SCV  
  57  5:52  SCV  
  59  5:57  Barracks  
  59  6:00  Engineering Bay x2  
  59  6:03  SCV  
  59  6:04  SCV, Medivac  
  63  6:13  Marine  
  63  6:16  SCV x2, Siege Tank  
  69  6:25  Supply Depot  
  69  6:28  SCV  
  69  6:30  Terran Infantry Weapons Level 1  
  70  6:42  Starport Reactor  
  70  6:46  SCV x2  
  70  6:47  Marauder  
  74  6:50  Terran Infantry Armor Level 1  
  74  6:58  SCV x2, Refinery  
  76  7:04  Stimpack  
  76  7:07  Marine  
  77  7:10  SCV  
  78  7:21  Barracks Reactor  
  78  7:25  Barracks, Supply Depot  
  78  7:26  Barracks, Supply Depot  
  78  7:40  Barracks, Marine  
  78  7:41  SCV x2, Siege Tank  
  84  7:50  Viking x2  
  88  7:53  SCV x2  
  90  7:58  Marine  
  90  8:02  Command Center  
  90  8:05  SCV, Marine x2  
  93  8:10  SCV  
  95  8:13  Armory  
  95  8:14  Supply Depot  
  95  8:16  Marine  
  95  8:17  SCV  
  97  8:20  Barracks Tech Lab  
  97  8:21  Marine  
  97  8:23  Marine  
  99  8:31  Marine  
  100  8:34  Marauder  
  100  8:39  Marine  
  90  8:47  Siege Tank  
  85  8:52  Marine x3  
  85  8:54  SCV x2  
  87  8:56  Marauder  
  87  8:58  Marine  
  87  9:00  Terran Infantry Weapons Level 2  
  87  9:02  Terran Infantry Armor Level 2  
  90  9:06  SCV  
  91  9:10  Marine  
  91  9:11  Marauder  
  91  9:13  Sensor Tower  
  91  9:14  Viking  
  96  9:20  SCV x2  
  96  9:21  Orbital Command  
  98  9:25  Refinery  
  98  9:27  Supply Depot  
  98  9:30  Barracks Tech Lab  
  98  9:32  SCV x2  
  100  9:43  Viking  
  100  9:44  Viking  
  100  9:45  Marine x3  
  107  9:46  Marauder  
  98  9:59  Marine  
  82  10:01  Siege Tank  
  82  10:03  Marauder, Marine x2  
  90  10:07  SCV x2  
  90  10:13  Viking  
  94  10:14  Viking  
  96  10:23  SCV x2  
  96  10:24  Marine x3  
  96  10:26  Marauder x2  
  105  10:37  Ghost Academy  
  105  10:41  Command Center  
  105  10:42  Marine  
  108  10:43  Marauder, Viking  
  108  10:45  SCV x2  
  112  10:52  Refinery  
  112  10:59  Marine x2  
  112  11:00  Supply Depot  
  112  11:01  SCV x2  
  112  11:02  Marauder x2  
  120  11:05  Marauder  
  120  11:07  SCV  
  120  11:08  Enhanced Shockwaves  
  123  11:13  SCV x2  
  123  11:14  Barracks  
  123  11:15  Combat Shield  
  123  11:17  Marine  
  126  11:19  SCV  
  126  11:22  Marine x2  
  126  11:23  Marauder x2  
  126  11:25  Medivac  
  135  11:27  SCV x2  
  135  11:31  Marauder  
  135  11:32  Sensor Tower  
  139  11:40  Barracks Tech Lab  
  139  11:42  Barracks  
  139  11:45  Marauder  
  141  11:48  Supply Depot  
  141  11:51  Marauder, Marine x2  
  141  11:52  Marauder  
  147  12:10  Marine x3  
  150  12:16  Medivac x2  
  150  12:20  Marine x2  
  150  12:21  Marauder  
  152  12:42  Marine x4, Siege Tank  
  152  12:43  Marine  
  151  12:46  Medivac x2  
  149  12:55  Planetary Fortress  
  146  13:09  SCV x2  
  146  13:11  Barracks Tech Lab, Marine x3  
  151  13:14  SCV  
  151  13:15  Siege Tank  
  151  13:16  Medivac  
  157  13:21  SCV  
  157  13:22  SCV  
  157  13:23  Medivac  
  157  13:26  SCV  
  162  13:31  SCV, Refinery  
  162  13:32  Marine x2  
  162  13:33  SCV, Marine  
  162  13:34  SCV  
  168  13:35  Refinery  
  168  13:43  SCV x2, Marine x2  
  172  13:53  Supply Depot  
  172  13:54  Supply Depot, Marine  
  172  13:55  Supply Depot  
  172  13:56  Supply Depot  
  172  13:58  Command Center  
  172  14:12  Medivac  
  172  14:13  Marauder x3  
  172  14:14  Marine  
  172  14:15  Marauder, Siege Tank  
  186  14:19  SCV x2  
  186  14:21  Terran Vehicle And Ship Armor Level 1  
  188  14:24  Marine x2  
  188  14:26  Ghost  
  192  14:33  Ghost x3  
  196  14:47  Siege Tank  
  180  14:54  Marine  
  180  14:55  Marauder, Marine  
  180  14:56  Marauder  
  174  15:02  Marauder  
  174  15:05  Marine  
  174  15:06  Marauder x2  
  157  15:12  Marine x2  
  150  15:17  Marauder  
  150  15:19  Siege Tank  
  150  15:20  Marine  
  156  15:23  Marine x2  
  156  15:26  Marine  
  156  15:27  Marine  
  160  15:30  Marine x2  
  160  15:34  Command Center  
  162  15:37  Marine  
  162  15:38  Marine  
  162  15:41  Marine x2  
  166  15:44  Barracks  
  166  15:45  Barracks, Marauder x2  
  166  15:48  Marine x2  
  172  15:51  Siege Tank  
  172  15:54  Command Center  
  172  15:55  Marine  
  172  15:56  Marine  
  177  15:59  Ghost, Marine  
  180  16:05  Ghost  
  180  16:06  Marauder, Marine  
  185  16:14  Marauder x2  
  189  16:23  Siege Tank  
  180  16:27  Ghost  
  180  16:28  Marine  
  180  16:29  Marine x3  
  186  16:34  Marine x2  
  186  16:39  Marine  
  189  16:42  SCV x2  
  189  16:46  Marine  
  192  16:47  Marauder  
  192  16:53  Marauder  
  196  16:55  Siege Tank  
  196  16:58  Marine  
  200  17:07  Missile Turret  
  184  17:41  Marauder  
  184  17:42  Marauder x2  
  184  17:43  Marauder, Marine x4  
  184  17:44  Siege Tank  
  176  18:00  SCV x2  
  176  18:01  Marine x4  
  176  18:02  Marine x2  
  184  18:06  Marine x2  
  186  18:17  Siege Tank  
  186  18:18  Medivac x2  
  186  18:19  Marine x3  
  196  18:27  Marine  
  196  18:28  Marine x2  
  196  18:31  Marine  
Show
View Real Time Build Order
Export as new Build Order

Pylonman Protoss 

Build Orders: 1 Gate Expand 

Get SALT Encoding   

  12  0:00  Probe  
  13  0:12  Probe  
  14  0:19  Pylon  
  14  0:24  Probe  
  15  0:37  Probe (Chrono Boost)  
  15  0:41  Gateway  
  16  0:47  Assimilator  
  16  0:49  Probe (Chrono Boost)  
  17  0:55  Probe (Chrono Boost)  
  18  1:03  Probe  
  19  1:15  Probe  
  20  1:30  Cybernetics Core  
  20  1:41  Nexus  
  20  1:45  Pylon  
  20  1:48  Probe  
  20  1:51  Assimilator  
  21  2:00  Probe  
  21  2:09  Stalker  
  21  2:10  Warp Gate  
  21  2:15  Probe, Shield Battery  
  24  2:28  Probe  
  25  2:37  Pylon  
  25  2:40  Probe  
  25  2:44  Stalker (Chrono Boost)  
  28  2:52  Probe  
  28  2:53  Robotics Facility  
  29  3:11  Stalker (Chrono Boost)  
  31  3:33  Gateway  
  31  3:36  Stalker  
  31  3:41  Probe (Chrono Boost)  
  35  3:46  Probe (Chrono Boost)  
  33  3:50  Probe (Chrono Boost)  
  33  3:54  Probe (Chrono Boost)  
  33  3:57  Immortal (Chrono Boost)  
  35  4:14  Stalker  
  31  4:33  Stalker  
  33  4:41  Stalker  
  35  4:47  Immortal (Chrono Boost)  
  40  4:52  Probe  
  40  4:53  Probe  
  41  5:02  Pylon  
  41  5:03  Stalker  
  41  5:05  Probe  
  44  5:20  Stalker  
  46  5:37  Robotics Bay  
  46  5:41  Probe (Chrono Boost)  
  46  5:42  Probe (Chrono Boost)  
  48  5:46  Observer  
  48  5:47  Zealot x2  
  53  5:51  Probe (Chrono Boost)  
  54  5:58  Pylon  
  54  6:01  Pylon  
  54  6:05  Shield Battery  
  54  6:16  Probe  
  54  6:17  Stalker x2  
  59  6:19  Probe  
  59  6:20  Colossus (Chrono Boost)  
  59  6:23  Extended Thermal Lance (Chrono Boost)  
  66  6:28  Probe  
  66  6:31  Probe  
  68  6:43  Probe x2  
  70  6:47  Assimilator  
  70  6:49  Assimilator  
  70  6:52  Pylon  
  70  6:55  Pylon  
  70  7:00  Twilight Council  
  70  7:17  Probe x2 (Chrono Boost)  
  70  7:19  Colossus (Chrono Boost)  
  78  7:29  Probe x2 (Chrono Boost)  
  80  7:34  Probe (Chrono Boost)  
  81  7:48  Nexus  
  81  7:51  Pylon  
  81  7:52  Zealot x2  
  81  7:54  Pylon  
  81  7:58  Pylon, Charge (Chrono Boost)  
  85  8:01  Pylon  
  85  8:05  Gateway  
  85  8:10  Observer  
  86  8:15  Zealot  
  88  8:24  Zealot, Templar Archives  
  88  8:25  Probe  
  88  8:26  Probe  
  92  8:30  Warp Prism  
  78  8:53  Zealot x2  
  80  9:00  Probe (Chrono Boost)  
  80  9:01  Probe (Chrono Boost)  
  83  9:06  Probe (Chrono Boost)  
  85  9:10  Probe x2 (Chrono Boost)  
  85  9:11  Pylon  
  85  9:13  Pylon  
  85  9:14  Probe (Chrono Boost)  
  85  9:15  Probe (Chrono Boost)  
  86  9:17  Zealot x3  
  93  9:43  Gateway  
  93  9:45  Gateway  
  92  9:47  Gateway  
  92  9:48  Gateway  
  92  9:49  Gateway, Zealot x3  
  79  10:08  Colossus (Chrono Boost)  
  79  10:10  High Templar x3  
  91  10:20  Psionic Storm  
  85  10:21  Archon  
  85  10:23  Probe x2  
  85  10:24  Probe  
  88  10:32  Gateway  
  88  10:35  Gateway, Probe x2  
  88  10:36  Probe  
  88  10:37  Gateway  
  91  10:43  Gateway, Zealot x3, Assimilator  
  91  10:45  Gateway  
  91  10:46  Assimilator  
  91  10:47  Probe  
  98  10:50  Zealot x2  
  98  10:55  Blink  
  102  11:05  Probe x3  
  102  11:07  Stalker x2  
  102  11:09  Forge  
  102  11:10  High Templar x2  
  102  11:11  High Templar  
  115  11:14  Archon  
  115  11:18  Archon  
  115  11:20  Zealot x3  
  115  11:22  Probe x3  
  124  11:27  Observer  
  125  11:48  High Templar x2  
  125  11:49  Observer, High Templar  
  125  11:50  Nexus  
  125  11:51  Pylon  
  125  11:53  Pylon  
  132  11:57  Archon  
  132  11:59  Pylon  
  132  12:00  Pylon  
  132  12:01  Pylon  
  131  12:16  Shield Battery  
  131  12:22  Zealot x7  
  141  12:23  Zealot x3  
  137  12:57  High Templar x6  
  145  13:03  Archon x2  
  145  13:04  Archon  
  129  13:16  Stargate  
  129  13:17  Stargate  
  129  13:18  Probe x3  
  129  13:19  Probe  
  133  13:30  Probe x3  
  133  13:31  Colossus (Chrono Boost)  
  133  13:32  Zealot x8  
  152  13:34  Protoss Ground Weapons Level 1 (Chrono Boost), Assimilator  
  152  13:39  Assimilator  
  158  13:47  Protoss Air Weapons Level 1  
  158  13:52  Zealot x2  
  158  13:53  Zealot x6  
  174  14:18  Warp Prism  
  176  14:33  Nexus  
  176  14:34  Pylon  
  176  14:36  Pylon, Photon Cannon  
  172  14:38  Pylon  
  172  14:40  Photon Cannon  
  132  15:03  High Templar x6  
  132  15:04  High Templar x2  
  90  15:28  Void Ray x2  
  98  15:37  Zealot x2  
  98  15:38  Zealot x6  
  114  15:46  Archon  
  114  15:47  Archon  
  114  15:49  Shield Battery  
  114  15:51  Shield Battery  
  114  16:05  Void Ray x2, Fleet Beacon  
  118  16:11  Zealot x5  
  118  16:12  Zealot x3  
  130  16:34  Zealot x8, Nexus  
  130  16:38  Pylon  
  146  16:40  Pylon  
  146  16:42  Pylon  
  146  17:09  Zealot x8  
  168  17:15  Carrier  
  168  17:27  Shield Battery  
  167  17:30  Shield Battery  
  167  17:34  Shield Battery  
  167  17:36  Pylon  
  149  17:38  Photon Cannon  
  129  17:47  Photon Cannon  
  129  17:49  Photon Cannon  
  105  17:52  Zealot x8  
  91  18:02  Colossus (Chrono Boost)  
  102  18:43  Zealot x2  
Tags
 
Add a new tag
Caveats
  • Supply blocks, unpowered buildings, or Contaminate may cause inaccurate times.
  • Supply counts are checked every 10 seconds.